 Dungeon Crawl Stone Soup version 0.31-a0-1074-g0b22e4e0f1 (webtiles) character file.

Game seed: 16823717749605778966

86 bmb222 the Trooper (level 4, -1/52 HPs)
             Began as a Demonspawn Fighter on Nov 30, 2023.
             Slain by Grinder (5 damage)
             ... on level 3 of the Dungeon.
             The game lasted 00:02:48 (1532 turns).

bmb222 the Trooper (Demonspawn Fighter)             Turns: 1532, Time: 00:02:50

Health: -1/52      AC: 26    Str: 18    XL:     4   Next: 27%
Magic:  4/4        EV:  2    Int: 10    God:
Gold:   111        SH:  4    Dex: 12    Spells: 3/3 levels left

rFire   . . .        a - +0 flail
rCold   . . .        c - +0 buckler
rNeg    . . .        b - melded +0 scale mail
rPois   +            (helmet currently unavailable)
rElec   .            (cloak currently unavailable)
rCorr   .            (gloves currently unavailable)
SInv    .            (boots currently unavailable)
Will    .....        (no amulet)
Stlth   +            j - +4 ring of protection
HPRegen 0.28/turn    (no ring)
MPRegen 0.09/turn

%: no passive effects
@: tree-form
A: stationary, stasis, torment immunity, boosted hp, foul stench 1, powered by
pain 1, (hooves 1), (horns 1), (cold vulnerability 1)
a: no special abilities


You were on level 3 of the Dungeon.
You were a tree.
You visited 1 branch of the dungeon, and saw 3 of its levels.

You collected 111 gold pieces.

Inventory:

Hand Weapons
 a - a +0 flail (weapon)
Armour
 b - a +0 scale mail (melded)
 c - a +0 buckler (worn)
Jewellery
 j - a +4 ring of protection (left branch)
Scrolls
 i - a scroll of vulnerability {unknown}
 m - a scroll of teleportation {unknown}
 n - a scroll of poison {unknown}
 o - a scroll of summoning {unknown}
 p - a scroll of enchant weapon {unknown}
 q - a scroll of fear {unknown}
Potions
 d - 2 potions of might
 e - a potion of heal wounds {unknown}
 f - a potion of berserk rage {unknown}
 g - a potion of mutation
 l - a potion of lignification


   Skills:
 + Level 3.4 Fighting
 * Level 3.0 Maces & Flails
 * Level 3.3 Armour
 + Level 3.0 Shields


You had 3 spell levels left.
You didn't know any spells.
Your spell library contained the following spells:

 Spells                   Type           Power      Damage    Failure   Level
 Magic Dart               Conj           0%         1d3       43%         1
 Call Imp                 Summ           0%         N/A       58%         2
 Mephitic Cloud           Conj/Pois/Air  0%         N/A       82%         3


Dungeon Overview and Level Annotations

Branches:
Dungeon (3/15)

Altars:

Annotations:
D:3 Grinder


Innate Abilities, Weirdness & Mutations

You are a tree.
Your roots penetrate the ground, keeping you stationary.
You cannot be teleported.
You are immune to unholy pain and torment.
Your maximum health is greatly increased.
Your equipment is partially melded.
You may rarely emit foul miasma when damaged in melee.
You sometimes gain a little power by taking damage.
((You have large cloven feet.))
((You have a pair of small horns on your head.))
((You are vulnerable to cold. (rC-)))


Message History

Grinder gestures at you. You resist with significant effort.
Grinder says, "DUCK!"
Grinder hits you.
You writhe in agony.
You barely miss Grinder. You kick Grinder.
Grinder is almost dead.
Grinder hits you!
* * * LOW HITPOINT WARNING * * *
Unknown command.
You turn into a tree.
Your +0 scale mail melds into your body.
Your roots penetrate the ground.
Grinder barely misses you.
You barely miss Grinder.
Grinder is almost dead.
Grinder blinks!
You hit Grinder but do no damage.
Grinder is almost dead.
Grinder hits you but does no damage.
You barely miss Grinder.
Grinder is almost dead.
Grinder hits you but does no damage. Grinder says, "Are you a fish?"
Grinder hits you.
* * * LOW HITPOINT WARNING * * *
You writhe in agony.
* * * LOW HITPOINT WARNING * * *
You barely miss Grinder.
Grinder is almost dead.
Grinder hits you but does no damage.
Unknown command.
You hit Grinder.
Grinder is almost dead.
Grinder hits you but does no damage.
You hit Grinder but do no damage.
Grinder is almost dead.
Grinder hits you.
* * * LOW HITPOINT WARNING * * *
You writhe in agony.
You die...
Grinder says, "Now the real fun starts!"

###. #... #...####
####...## #...#..
..#.....# ##...#.##
#.....5..
###.......####........
#
.......5.....+........
+
##....♣$..###........
# ##...#.#.# #........
# #####.#)###.# #
#.......# # ###.#####
#+# # #†# ###.#####
#)# ##........ #.#
#......... #.#
#.......#.


You could see Grinder.

Vanquished Creatures
  3 adders
  3 worms
  A dart slug (D:2)
  3 bats (D:2)
  6 endoplasms
  7 goblins
  3 hobgoblins
  3 jackals (D:2)
  3 kobolds
  2 quokkas (D:2)
  2 ball pythons
  2 frilled lizards
  7 rats
45 creatures vanquished.

Notes
Turn   | Place    | Note
-------+----------+-------------------------------------------
     0 | D:1      | bmb222 the Demonspawn Fighter began the quest for the Orb.
     0 | D:1      | Reached XP level 1. HP: 18/18 MP: 1/1
   160 | D:1      | Gained mutation: You may rarely emit foul miasma when
                  | damaged in melee. [demonic ancestry]
   160 | D:1      | Reached XP level 2. HP: 24/24 MP: 2/2
   837 | D:2      | Gained mutation: You sometimes gain a little power by
                  | taking damage. [demonic ancestry]
   837 | D:2      | Reached XP level 3. HP: 27/29 MP: 3/3
  1229 | D:2      | Found a faded altar of an unknown god.
  1235 | D:2      | Reached XP level 4. HP: 35/35 MP: 4/4
  1382 | D:3      | Gained mutation: You are vulnerable to cold. (rC-) [potion
                  | of mutation]
  1382 | D:3      | Gained mutation: You have large cloven feet. [potion of
                  | mutation]
  1382 | D:3      | Gained mutation: You have a pair of small horns on your
                  | head. [potion of mutation]
  1486 | D:3      | Noticed Grinder
  1516 | D:3      | Paralysed by Grinder for 3 turns
  1532 | D:3      | Slain by Grinder

Illustrated notes

Levels and vault maps discovered:
D:1:      reono_arrival_mine, layout_basic
D:2:      layout_rooms, serial_curves, eino_curves_02, eino_curves_02,
          eino_curves_02, shapermc_ecumenical_altar_notcrosses,
          minmay_octomino_j4
D:3:      layout_loops_corners, uniq_grinder, uniq_jessica

Skill      XL: |  1  2  3  4 |
---------------+-------------+-----
Maces & Flails | 2 3 |  3.0
Armour         | 3 |  3.3
Shields        | 3 |  3.0
Fighting       | |  3.4

Action                     |  1- 3 |  4- 6 || total
---------------------------+-------+-------++-------
  Melee: Flail             |   114 |    32 ||   146
         Kick              |       |     4 ||     4
         Headbutt          |       |     4 ||     4
    Use: Scroll            |       |     3 ||     3
         Potion            |       |     3 ||     3
 Armour: Scale mail        |    85 |    19 ||   104
         Skin              |       |     6 ||     6
  Dodge: Dodged            |    56 |     7 ||    63
  Block: Buckler           |    28 |     2 ||    30

Table legend: (Time is in decaauts)
 A = Elapsed time spent in this place.
 B = Non-inter-level travel time spent in this place.
 C = Inter-level travel time spent in this place.
 D = Time resting spent in this place.
 E = Time spent auto-exploring this place.
 F = Levels seen in this place.
 G = Mean time per level.
                   A        B        C        D        E       F      G
               +--------+--------+--------+--------+--------+-----+--------+
         Total |   1578 |   1517 |     61 |     67 |   1019 |   3 |  526.0 |
       Dungeon |   1578 |   1517 |     61 |     67 |   1019 |   3 |  526.0 |
               +--------+--------+--------+--------+--------+-----+--------+

Top non-repeatable levels by time:
     D:2: 847 daAuts
     D:1: 529 daAuts
     D:3: 201 daAuts
